 Dungeon Crawl Stone Soup version 0.31-a0-981-geadf994542 (webtiles) character file.

Game seed: 993936820756975856

977 night the Shooter (level 8, -3/56 HPs)
             Began as a Barachi Hexslinger on Nov 1, 2023.
             Was a Believer of Makhleb.
             Slain by an ice beast (10 damage)
             ... on level 5 of the Dungeon.
             The game lasted 00:13:21 (3599 turns).

night the Shooter (Barachi Hexslinger)              Turns: 3599, Time: 00:13:22

Health: -3/56      AC:  4    Str: 10    XL:     8   Next: 17%
Magic:  14/14      EV: 13    Int: 14    God:    Makhleb [**....]
Gold:   143        SH:  0    Dex: 16    Spells: 3/15 levels left

rFire   + . .        a - +1 sling (freeze)
rCold   . . .        (no shield)
rNeg    + . .        c - +0 robe
rPois   .            s - +0 helmet
rElec   .            (no cloak)
rCorr   .            m - +0 pair of gloves
SInv    .            (no boots)
Will    .....        j - amulet of magic regeneration
Stlth   +            l - ring of protection from fire
HPRegen 0.29/turn    y - ring of positive energy
MPRegen 0.54/turn

%: no passive effects
@: weak-willed, slow
A: amphibious, slowness 1, strong legs 1, +LOS
a: Hop, Renounce Religion, Minor Destruction


You were on level 5 of the Dungeon.
You worshipped Makhleb.
Makhleb was pleased with you.
You visited 1 branch of the dungeon, and saw 6 of its levels.
You also visited: Ossuary.

You collected 208 gold pieces.
You spent 65 gold pieces at shops.

Inventory:

Hand Weapons
 a - a +1 sling of freezing (weapon)
Missiles
 d - 32 stones
 f - 6 poisoned darts
 k - a throwing net
 u - 3 boomerangs
 v - 4 javelins
Armour
 c - a +0 robe (worn)
 m - a +0 pair of gloves (worn)
 s - a +0 helmet (worn)
Jewellery
 j - an amulet of magic regeneration (around neck)
 l - a ring of protection from fire (left hand)
 y - a ring of positive energy (right hand)
Wands
 p - a wand of flame (11)
Scrolls
 b - 3 scrolls of poison
 n - a scroll of revelation
 o - a scroll of immolation
 w - a scroll of amnesia
Potions
 e - 4 potions of curing {unknown}
 h - a potion of experience {unknown}
 i - 2 potions of resistance
 r - 6 potions of haste {unknown}
 t - 2 potions of degeneration {unknown}
 z - 2 potions of brilliance {unknown}
 A - 2 potions of heal wounds
 B - a potion of magic {unknown}
 C - a potion of berserk rage {unknown}


   Skills:
 - Level 2.2 Fighting
 * Level 6.5 Ranged Weapons
 - Level 2.7 Dodging
 + Level 4.3 Spellcasting
 + Level 5.8 Hexes
 - Level 1.1 Fire Magic


You had 3 spell levels left.
You knew the following spells:

 Your Spells              Type           Power      Damage    Failure   Level
a - Jinxbite              Hex            38%        N/A       2%          2
b - Sigil of Binding      Hex            19%        N/A       4%          3
c - Inner Flame           Hex/Fire       12%        N/A       14%         3
d - Cause Fear            Hex            9%         N/A       17%         4

Your spell library contained the following spells:

 Spells                   Type           Power      Damage    Failure   Level
 Confusing Touch          Hex            19%        N/A       4%          3
 Summon Guardian Golem    Hex/Summ       11%        N/A       17%         3
 Kiss of Death            Conj/Necr      12%        2d6       19%         1
 Poisonous Vapours        Pois/Air       6%         N/A       28%         2
 Hailstorm                Conj/Ice       3%         3d3       50%         3
 Mephitic Cloud           Conj/Pois/Air  3%         N/A       50%         3
 Dimensional Bullseye     Hex/Tloc       5%         N/A       50%         4
 Dispel Undead            Necr           3%         3d7       88%         4
 Summon Ice Beast         Ice/Summ       3%         N/A       88%         4
 Freezing Cloud           Conj/Ice/Air   1%         6-21      99%         5
 Simulacrum               Ice/Necr       1%         N/A       100%        6
 Orb of Destruction       Conj           1%         9d5       100%        7
 Spellforged Servitor     Conj/Summ      1%         N/A       100%        7


Dungeon Overview and Level Annotations

Branches:
Dungeon (6/15)            Ossuary (visited)
 Temple: D:4-7

Altars:
Cheibriados
Makhleb
Xom

Shops:
D:3 *


Innate Abilities, Weirdness & Mutations

You are amphibious.
You cover ground slowly.
You can hop short distances.
You have an extended range of vision and can be seen from far away.


Message History

You shoot a sling bullet. The sling bullet hits the orc.
The sling bullet freezes the orc.
You kill the orc!
Makhleb accepts your kill.
You flicker back into view.
You shoot a sling bullet. The sling bullet hits the gnoll.
The sling bullet freezes the gnoll.
The gnoll is moderately wounded.
The gnoll barely misses you. The gnoll hits you but does no damage.
You shoot a sling bullet. The sling bullet hits the gnoll.
The sling bullet freezes the gnoll.
The gnoll is heavily wounded.
The gnoll hits you but does no damage. The gnoll closely misses you.
You shoot a sling bullet. The sling bullet hits the gnoll.
The sling bullet freezes the gnoll.
The gnoll is severely wounded.
The gnoll hits you from afar with a +0 spear.
The gnoll hits you with a +0 whip.
You shoot a sling bullet.
The sling bullet barely misses the gnoll.
The sling bullet hits the ice beast but does no damage.
The ice beast is lightly wounded.
The gnoll hits you from afar with a +0 spear.
The gnoll hits you with a +0 whip.
You shoot a sling bullet. The sling bullet hits the gnoll!
The sling bullet freezes the gnoll.
You kill the gnoll!
Makhleb accepts your kill.
The gnoll hits you from afar with a +0 spear!
* * * LOW HITPOINT WARNING * * *
The ice beast closely misses you.
You shoot a sling bullet.
The sling bullet hits the ice beast but does no damage.
The ice beast is lightly wounded.
The gnoll hits you from afar with a +0 spear.
* * * LOW HITPOINT WARNING * * *
The ice beast hits you.
* * * LOW HITPOINT WARNING * * *
The ice beast freezes you!
You die...

#. #.....#.## ..h.
##(####8...8#.##..###
###.....#..............
##.........S8....##..##.
...o.....####....##..#
<#.#....†# #........#
#...g)######.####....
##.##Y##...h....# ## #.
#@##..##.#..#
#.......##..##.#..#
##.....###.<#..# .#
#..... #..#.## .# #.....
#.≈≈≈≈≈..# #....|
#§≈)~~≈≈.# #.....
#≈~.~☼.≈.# ######
#≈~~_~...# #≈~☼)°.≈##


You could see an ice beast and a gnoll.

Vanquished Creatures
  A hornet (D:4)
  A black bear (D:5)
  4 water moccasin zombies (Ossuary)
  A hound (D:5)
  An orc priest (D:3)
  An iguana (D:5)
  Terence (D:3)
  A sleepcap (D:5)
  An orc wizard (D:3)
  2 mummies (Ossuary)
  7 gnolls
  5 adders
  3 ufetubi (D:5)
  4 adder zombies (Ossuary)
  2 worms
  4 dart slugs
  14 orcs
  7 ball pythons
  2 endoplasms
  2 giant cockroaches
  8 gnoll zombies (Ossuary)
  3 goblins
  5 hobgoblins
  10 jackals
  3 kobolds
  6 quokkas
  6 bats
  5 frilled lizards
  4 hobgoblin zombies (Ossuary)
  5 kobold zombies (Ossuary)
  4 orc zombies (Ossuary)
  3 rats
126 creatures vanquished.

Vanquished Creatures (others)
  An ogre (D:5)
  A scorpion (D:5)
  A hound (D:5)
3 creatures vanquished.

Grand Total: 129 creatures vanquished

Notes
Turn   | Place    | Note
-------+----------+-------------------------------------------
     0 | D:1      | night the Barachi Hexslinger began the quest for the Orb.
     0 | D:1      | Reached XP level 1. HP: 15/15 MP: 2/2
    52 | D:1      | Reached XP level 2. HP: 18/21 MP: 3/3
   338 | D:1      | Reached XP level 3. HP: 27/27 MP: 5/5
   536 | D:1      | Reached skill level 2 in Fighting
   830 | D:2      | Reached XP level 4. HP: 28/33 MP: 6/6
   861 | D:2      | Learned a level 2 spell: Jinxbite
   865 | D:2      | Learned a level 3 spell: Sigil of Binding
  1385 | D:3      | Reached skill level 3 in Ranged Weapons
  1442 | D:3      | Found Toitsef's General Store.
  1450 | D:3      | Bought a potion of heal wounds for 65 gold pieces
  1607 | D:3      | Noticed Terence
  1616 | D:3      | Killed Terence
  1679 | D:3      | HP: 3/33 [something/magic dart (7)]
  1686 | D:3      | Reached skill level 2 in Spellcasting
  1701 | D:3      | HP: 4/33 [orc wizard/+0 dagger (2)]
  1703 | D:3      | HP: 1/33 [orc wizard/puff of flame (1)]
  1708 | D:3      | Reached XP level 5. HP: 27/38 MP: 8/8
  2308 | D:4      | Found a burning altar of Makhleb.
  2313 | D:4      | Became a worshipper of Makhleb the Destroyer
  2361 | D:4      | Reached skill level 4 in Ranged Weapons
  2389 | D:4      | Noticed a hornet
  2391 | D:4      | Reached XP level 6. HP: 42/44 MP: 7/9
  2396 | D:4      | Killed a hornet
  2397 | D:4      | Reached skill level 5 in Ranged Weapons
  2525 | D:4      | Learned a level 3 spell: Inner Flame
  2528 | D:4      | Reached XP level 7. HP: 50/50 MP: 9/11
  2544 | D:4      | Learned a level 4 spell: Cause Fear
  2558 | D:4      | Found a snail-covered altar of Cheibriados.
  2699 | D:5      | Entered Level 5 of the Dungeon
  2699 | D:5      | Found a shimmering altar of Xom.
  2708 | D:5      | Reached skill level 5 in Hexes
  2729 | D:5      | Found a sand-covered staircase.
  2740 | Ossuary  | Entered an ossuary
  2789 | Ossuary  | Reached * piety under Makhleb
  2969 | Ossuary  | HP: 6/50 [water moccasin zombie (6)]
  2974 | Ossuary  | HP: 4/50 [water moccasin zombie (4)]
  3285 | Ossuary  | Reached skill level 6 in Ranged Weapons
  3402 | D:5      | Reached XP level 8. HP: 38/56 MP: 14/14
  3587 | D:5      | Reached ** piety under Makhleb
  3599 | D:5      | HP: 8/56 [gnoll/+0 spear (4)]
  3599 | D:5      | Slain by an ice beast

Illustrated notes

Levels and vault maps discovered:
D:1:      minmay_arrival_cross, layout_loops_cross
D:2:      layout_basic
D:3:      layout_basic, serial_shops, shop, uniq_terence
D:4:      layout_gridville, general_overflow_altar, lightli_temple_of_fire,
          serial_bayou_lake_a
D:5:      minmay_chambers_of_threes, layout_loops_cross, xom_confusion_cloud,
          nicolae_ossuary_entry_monument, nicolae_the_louvre
D:6:      layout_basic, uniq_duvessa

Skill      XL: |  1  2  3  4  5  6  7 |
---------------+----------------------+-----
Fighting       | 2 |  2.2
Ranged Weapons | 3 4 5 6 |  6.5
Spellcasting   | 2 3 4 |  4.3
Hexes          | 4 5 |  5.8
Dodging        | |  2.7
Fire Magic     | |  1.1

Action                     |  1- 3 |  4- 6 |  7- 9 || total
---------------------------+-------+-------+-------++-------
   Fire: Sling             |   117 |   173 |   207 ||   497
   Cast: Sigil of Binding  |       |     1 |       ||     1
         Jinxbite          |       |     8 |    14 ||    22
         Cause Fear        |       |       |     3 ||     3
         Inner Flame       |       |       |     1 ||     1
Ability: Hop               |     3 |     1 |     4 ||     8
  Evoke: Wand              |       |       |     2 ||     2
    Use: Scroll            |       |     4 |     5 ||     9
         Potion            |       |     4 |     2 ||     6
 Armour: Robe              |    33 |    43 |   131 ||   207
  Dodge: Dodged            |    44 |    44 |   166 ||   254

Table legend: (Time is in decaauts)
 A = Elapsed time spent in this place.
 B = Non-inter-level travel time spent in this place.
 C = Inter-level travel time spent in this place.
 D = Time resting spent in this place.
 E = Time spent auto-exploring this place.
 F = Levels seen in this place.
 G = Mean time per level.
                   A        B        C        D        E       F      G
               +--------+--------+--------+--------+--------+-----+--------+
         Total |   4116 |   3995 |    121 |    553 |   2422 |   7 |  588.0 |
       Dungeon |   3484 |   3363 |    121 |    276 |   2310 |   6 |  580.7 |
       Ossuary |    632 |    632 |      0 |    277 |    112 |   1 |  632.0 |
               +--------+--------+--------+--------+--------+-----+--------+

Top non-repeatable levels by time:
     D:3: 936 daAuts
     D:1: 843 daAuts
     D:2: 771 daAuts
 Ossuary: 632 daAuts
     D:4: 605 daAuts
     D:5: 303 daAuts
     D:6: 23 daAuts
